 Dungeon Crawl Stone Soup version 0.22.1-1-ga44c0e5 (webtiles) character file.

2842 brandon the Destroyer (level 9, -9/45 HPs)
             Began as a Deep Elf Fire Elementalist on Oct 5, 2018.
             Shot with an arrow by a centaur (14 damage)
             ... on level 7 of the Dungeon.
             The game lasted 00:24:19 (9389 turns).

brandon the Destroyer (Deep Elf Fire Elementalist)  Turns: 9389, Time: 00:24:20

Health: -9/45      AC:  5    Str:  5    XL:     9   Next: 46%
Magic:  4/24       EV: 13    Int: 24    God:
Gold:   374        SH:  0    Dex: 15    Spells: 11/26 levels left

rFire    . . .     SeeInvis .   A - +0 trident (venom)
rCold    . . .     Gourm    .   (no shield)
rNeg     . . .     Faith    .   a - +0 robe
rPois    .         Spirit   .   (no helmet)
rElec    .         Reflect  .   r - +0 cloak
rCorr    +         Harm     .   m - +0 pair of gloves
MR       .....                  g - +0 pair of boots
Stlth    ++........             (no amulet)
HPRegen  0.15/turn              j - ring of resist corrosion
MPRegen  0.19/turn              (no ring)

@: very slightly contaminated
A: no striking features
a: no special abilities


You were on level 7 of the Dungeon.
You were very hungry.

You visited 1 branch of the dungeon, and saw 7 of its levels.

You collected 374 gold pieces.

Inventory:

Hand Weapons
 A - a +0 trident of venom (weapon)
Armour
 a - a +0 robe (worn)
 g - a +0 pair of boots (worn)
 m - a +0 pair of gloves (worn)
 r - a +0 cloak (worn)
Jewellery
 j - a ring of resist corrosion (left hand)
 y - an uncursed ring of magical power {unknown}
Wands
 d - a wand of polymorph (30)
Scrolls
 e - 9 scrolls of remove curse
 l - a scroll of fog {unknown}
 v - 2 scrolls of magic mapping {unknown}
 w - a scroll of enchant weapon
 x - 4 scrolls of identify
 B - 3 scrolls of vulnerability {unknown}
Potions
 b - a potion of heal wounds {unknown}
 f - 3 potions of mutation {unknown}
 h - a potion of invisibility {unknown}
 i - 2 potions of cancellation
 n - 2 potions of curing {unknown}
 o - a potion of agility {unknown}
 p - 2 potions of might
 q - a potion of berserk rage {unknown}
 s - 2 potions of haste {unknown}
 t - a potion of magic {unknown}
 u - a potion of lignification {unknown}
 z - a potion of flight {unknown}
Comestibles
 c - 14 rations


   Skills:
 + Level 0.2 Fighting
 - Level 2.4 Dodging
 - Level 2.4 Stealth
 + Level 9.0 Spellcasting
 * Level 10.1 Conjurations
 + Level 7.9 Fire Magic


You had 11 spell levels left.
You knew the following spells:

 Your Spells              Type           Power        Failure   Level  Hunger
a - Flame Tongue          Conj/Fire      #####        1%          1    None
b - Throw Flame           Conj/Fire      ######       1%          2    None
c - Conjure Flame         Conj/Fire      ######..     1%          3    None
d - Sticky Flame          Conj/Fire      ######..     1%          4    ##.....
e - Fireball              Conj/Fire      ######....   4%          5    ####...

Your spell library contained the following spells:

 Spells                   Type           Power        Failure   Level  Hunger
 Inner Flame              Hex/Fire       ####....     3%          3    None
 Confusing Touch          Hex            ##....       6%          1    None
 Confuse                  Hex            ##......     17%         3    None
 Gell's Gravitas          Tloc           ##........   17%         3    None
 Ozocubu's Armour         Chrm/Ice       ##......     17%         3    None
 Regeneration             Chrm/Necr      ##........   17%         3    None
 Iskenderun's Battlesphe  Conj/Chrm      #####...     21%         5    ####...
 Petrify                  Tmut/Erth      ##......     50%         4    ##.....
 Metabolic Englaciation   Hex/Ice        ##........   85%         5    ####...
 Yara's Violent Unravell  Hex/Tmut       ##........   85%         5    ####...


Dungeon Overview and Level Annotations

Branches:
Dungeon (7/15)             Temple (0/1) D:7

Altars:
Ru

Shops:
D:4 =

Annotations:
D:2 1 runed door
D:6 Blork the orc


Message History

The fireball explodes!
The fireball engulfs the centaur.
The centaur is almost dead.
You are feeling very hungry.
The crimson imp hits you.
* * * LOW HITPOINT WARNING * * *
Unknown command.
Blink to where?
Press: ? - help, Dir - move target cursor, p - centaur You are very lightly contaminated with residual magic.
As you read the scroll of blinking, it crumbles to dust.
The crimson imp blinks!
Found a scroll of identify.
The centaur shoots an arrow.
The arrow hits you.
* * * LOW HITPOINT WARNING * * *
You see here an arrow.
Found a knobbly agate ring.
A white ugly thing comes into view.
The white ugly thing gurgles horribly!
The centaur shoots an arrow.
The arrow hits you!
You die...

....## #.##.# ####.## . .....#
#....# #..#### ..( ...#.#
####.. ##....###... ..##.# #.#(
..######......) .###.##
###.####..#####.....## .# #..#
###.....###...#.§(.)..# .# ##.#
#.............c(.##..##
.####.####.#......(..#.##.[#.##
......)....#....@####.?###...#
....##.###.....#......## ##..##
...###<# ..... .......# #...#
..[# #.# u... .........#
#.#.### #### #.# ...
=.........# #†#.... ... ..
...........# #.##†.. ... .
........?...# #...... .....
.............. .......# .....
.....####


You could see a white ugly thing and a centaur.

Vanquished Creatures
  Pikel (D:5)
  Prince Ribbit (D:6)
  Sigmund (D:6)
  A hungry ghost (D:7)
  Edmund (D:4)
  An orc warrior (D:7)
  A black bear (D:6)
  7 ogres
  A centaur (D:5)
  A bullfrog (D:7)
  2 scorpions
  2 crimson imps
  A centaur skeleton (D:6)
  3 hounds
  2 orc wizards (D:4)
  A gnoll shaman (D:5)
  An iguana (D:6)
  Natasha (thrice) (D:4)
  4 worker ants
  Robin (D:4)
  9 gnolls
  8 adders
  A shadow imp (D:5)
  4 worms
  A dart slug (D:1)
  6 leopard geckos
  16 orcs
  A ball python (D:5)
  12 bats
  8 giant cockroaches
  17 goblins
  6 hobgoblins
  3 jackals (D:1)
  4 quokkas
  4 frilled lizards
  8 kobolds
  2 leopard gecko skeletons
  7 rats
  A fungus (D:2)
154 creatures vanquished.

Vanquished Creatures (others)
  Eustachio (D:5)
1 creature vanquished.

Grand Total: 155 creatures vanquished

Notes
Turn   | Place    | Note
-------+----------+-------------------------------------------
     0 | D:1      | brandon the Deep Elf Fire Elementalist began the quest for
                  | the Orb.
     0 | D:1      | Reached XP level 1. HP: 10/10 MP: 6/6
     0 | D:1      | Noticed a spriggan
     0 | D:1      | Noticed an elf
     2 | D:1      | Noticed an octopode
     2 | D:1      | Noticed a dwarf
     4 | D:1      | Noticed an octopode
     5 | D:1      | Noticed an elf
     7 | D:1      | Noticed an elf
     8 | D:1      | Noticed a ghoul
    10 | D:1      | Noticed a centaur
    12 | D:1      | Noticed a dwarf
    14 | D:1      | Noticed a felid
    14 | D:1      | Noticed a naga
    14 | D:1      | Noticed a vampire
    16 | D:1      | Noticed an ogre
    18 | D:1      | Noticed a draconian
   564 | D:1      | Reached XP level 2. HP: 15/15 MP: 5/8
   580 | D:1      | Learned a level 2 spell: Throw Flame
   686 | D:1      | Reached skill level 2 in Conjurations
  1412 | D:2      | Reached XP level 3. HP: 12/19 MP: 0/10
  1643 | D:2      | Learned a level 3 spell: Conjure Flame
  1975 | D:2      | Reached skill level 3 in Conjurations
  2403 | D:2      | Reached XP level 4. HP: 24/24 MP: 5/11
  2770 | D:2      | Found a runed door.
  3957 | D:4      | Reached XP level 5. HP: 28/28 MP: 1/13
  4058 | D:3      | Learned a level 4 spell: Sticky Flame
  4061 | D:4      | Reached skill level 4 in Conjurations
  4134 | D:4      | Noticed Natasha
  4154 | D:4      | Killed Natasha
  4159 | D:4      | Noticed Natasha
  4538 | D:4      | Found Zohook's Jewellery Shoppe.
  4832 | D:4      | Noticed an ogre
  4837 | D:4      | Killed Natasha
  4936 | D:4      | Killed an ogre
  4936 | D:4      | Reached skill level 5 in Spellcasting
  4936 | D:4      | Reached skill level 5 in Conjurations
  4936 | D:4      | Reached XP level 6. HP: 32/32 MP: 6/15
  4943 | D:4      | Learned a level 5 spell: Fireball
  5269 | D:4      | Noticed Robin
  5282 | D:4      | Killed Robin
  5536 | D:4      | Reached skill level 5 in Fire Magic
  5650 | D:4      | Noticed Edmund
  5661 | D:4      | Killed Edmund
  5661 | D:4      | Reached XP level 7. HP: 36/36 MP: 4/17
  5777 | D:4      | Reached skill level 6 in Conjurations
  5927 | D:4      | Noticed Natasha
  5931 | D:4      | Killed Natasha
  6057 | D:5      | Entered Level 5 of the Dungeon
  6740 | D:5      | Reached skill level 7 in Conjurations
  7050 | D:5      | Reached XP level 8. HP: 41/41 MP: 8/20
  7163 | D:5      | Noticed Pikel
  7166 | D:5      | Killed Pikel
  7166 | D:5      | Reached skill level 8 in Conjurations
  7180 | D:5      | Killed Eustachio
  7341 | D:6      | Identified Feskioba's Almanac of Talismans
  7442 | D:6      | Noticed Sigmund
  7446 | D:6      | Killed Sigmund
  7566 | D:6      | Noticed Blork the orc
  7643 | D:6      | Noticed Prince Ribbit
  7891 | D:6      | Reached skill level 9 in Conjurations
  8012 | D:6      | Killed Prince Ribbit
  8012 | D:6      | Reached XP level 9. HP: 45/45 MP: 5/23
  9013 | D:7      | Reached skill level 10 in Conjurations
  9160 | D:7      | Found a sacrificial altar of Ru.
  9340 | D:7      | Found a staircase to the Ecumenical Temple.
  9389 | D:7      | Noticed a white ugly thing
  9389 | D:7      | Shot with an arrow by a centaur

Skill      XL: |  1  2  3  4  5  6  7  8  9 |
---------------+----------------------------+-----
Conjurations   | 2 3 5 7 9 10 | 10.1
Spellcasting   | 4 5 6 8 9 |  9.0
Fire Magic     | 4 5 6 7 |  7.9
Fighting       | |  0.2
Dodging        | |  2.4
Stealth        | |  2.4

Action                   |  1- 3 |  4- 6 |  7- 9 || total
-------------------------+-------+-------+-------++-------
Melee: Short sword       |     8 |    35 |     2 ||    45
       Flail             |       |       |    62 ||    62
       Trident           |       |       |     9 ||     9
 Cast: Flame Tongue      |    39 |    74 |    28 ||   141
       Throw Flame       |    31 |    47 |    73 ||   151
       Sticky Flame      |       |     3 |     7 ||    10
       Conjure Flame     |       |     5 |     3 ||     8
       Fireball          |       |     1 |    22 ||    23
  Use: Scroll            |       |     2 |     4 ||     6
       Potion            |       |     1 |       ||     1
  Eat: Chunk             |     4 |     9 |    16 ||    29
       Ration            |       |     1 |       ||     1
Armor: Robe              |     9 |     2 |    33 ||    44
       Skin              |       |     2 |       ||     2
Dodge: Dodged            |    23 |    19 |    57 ||    99
